 Dungeon Crawl Stone Soup version 0.28-a0-1429-gf3d713df7a (webtiles) character file.

Game seed: 5991652106981252469

329 Gargoyl the Skirmisher (level 6, -1/53 HPs)
             Began as a Gnoll Abyssal Knight on Jan 8, 2022.
             Was a Believer of Lugonu.
             Slain by a gnoll (7 damage)
             ... on level 7 of the Dungeon.
             The game lasted 00:04:01 (3179 turns).

Gargoyl the Skirmisher (Gnoll Abyssal Knight)       Turns: 3179, Time: 00:04:02

Health: -1/53      AC: 13    Str: 14    XL:     6   Next: 51%
Magic:  9/9        EV:  5    Int:  9    God:    Lugonu [**....]
Gold:   124        SH:  0    Dex: 13    Spells: 9/9 levels left

rFire   . . .      SeeInvis .   g - +1 hand axe (vorpal)
rCold   . . .      Faith    .   (no shield)
rNeg    . . .      Spirit   .   e - +0 plate armour
rPois   .          Reflect  .   p - +0 helmet
rElec   .          Harm     .   (no cloak)
rCorr   .          Rampage  .   (no gloves)
Will    .....                   (no boots)
Stlth   ..........              (no amulet)
HPRegen 0.17/turn               (no ring)
MPRegen 0.11/turn               (no ring)

@: confused, ambrosia-drunk
A: fangs 1, strong nose, distributed training
a: Renounce Religion, Depart the Abyss, Bend Space


You were on level 7 of the Dungeon.
You worshipped Lugonu.
Lugonu was pleased with you.
You visited 1 branch of the dungeon, and saw 5 of its levels.
You visited the Abyss 1 time.

You collected 124 gold pieces.

Inventory:

Hand Weapons
 a - a +1 hand axe
 g - a +1 vorpal hand axe (weapon)
Missiles
 m - a throwing net
Armour
 e - a +0 plate armour (worn)
 p - a +0 helmet (worn)
Jewellery
 d - a ring of fire
 h - a ring of fire
 j - a ring of wizardry
 n - a ring of protection from cold
Scrolls
 l - a scroll of identify
Potions
 c - 2 potions of brilliance
 f - a potion of invisibility
 i - a potion of curing


   Skills:
 + Level 6.8 Fighting
 + Level 2.0 Short Blades
 + Level 2.0 Long Blades
 + Level 5.0 Axes
 + Level 2.0 Maces & Flails
 + Level 2.0 Polearms
 + Level 2.0 Staves
 + Level 2.0 Slings
 + Level 2.0 Bows
 + Level 2.0 Crossbows
 + Level 2.0 Throwing
 + Level 5.0 Armour
 + Level 3.2 Dodging
 + Level 2.0 Stealth
 + Level 2.0 Shields
 + Level 2.0 Unarmed Combat
 + Level 2.0 Spellcasting
 + Level 1.5 Conjurations
 + Level 1.5 Hexes
 + Level 1.5 Summonings
 + Level 1.5 Necromancy
 + Level 1.5 Translocations
 + Level 1.5 Transmutations
 + Level 1.5 Fire Magic
 + Level 1.5 Ice Magic
 + Level 1.5 Air Magic
 + Level 1.5 Earth Magic
 + Level 1.5 Poison Magic
 + Level 5.1 Invocations
 + Level 2.0 Evocations


You had 9 spell levels left.
You didn't know any spells.
Your spell library contained the following spells:

 Spells                   Type           Power      Damage    Failure   Level
 Magic Dart               Conj           12%        1d3       100%        1
 Ensorcelled Hibernation  Hex/Ice        6%         N/A       100%        2
 Searing Ray              Conj           6%         2d4       100%        2
 Spider Form              Tmut/Pois      3%         N/A       100%        3
 Fulminant Prism          Conj/Hex       1%         3d6       100%        4


Dungeon Overview and Level Annotations

Branches:
Dungeon (4/15)
 Temple: D:4-7

Altars:


Innate Abilities, Weirdness & Mutations

You have very sharp teeth.
Your uncanny sense of smell can sniff out nearby items.
Your experience applies equally to all skills.


Message History

The gnoll is severely wounded.
You hit the gnoll shaman but do no damage.
The gnoll shaman calls upon its god to heal the gnoll.
The gnoll is healed somewhat.
The gnoll hits you with a +0 club.
The gnoll hits you from afar with a +0 halberd.
The gnoll hits you from afar with a +0 spear.
You closely miss the gnoll.
The gnoll is moderately wounded.
You hit the gnoll shaman.
The gnoll shaman hits you but does no damage.
The gnoll barely misses you.
The gnoll hits you from afar with a +0 halberd!
The gnoll hits you but does no damage.
The gnoll shaman hits you but does no damage.
The gnoll shaman calls upon its god to speed up the gnoll.
The gnoll seems to speed up.
The gnoll shaman calls upon its god to heal the gnoll.
The gnoll's wounds heal themselves!
The gnoll shaman calls upon its god to speed up the gnoll.
The gnoll seems to speed up.
As you read the scroll labelled CIFIDU ZUR, it crumbles to dust.
You speak a Word of immense power!
It was a scroll of holy word.
The gnoll hits you with a +0 club. The gnoll completely misses you.
As you read the scroll labelled ZUSKEO TIOJOTE, it crumbles to dust.
The scroll dissolves into smoke.
It was a scroll of fog.
The gnoll hits you but does no damage. x3
As you read the scroll of identify, it crumbles to dust.
k - a potion of ambrosia The gnoll hits you but does no damage. x2
You are confused.
You feel invigorated. The gnoll hits you but does no damage.
The gnoll hits you with a +0 flail!
* * * LOW HITPOINT WARNING * * *
The gnoll hits you with a +0 club.
* * * LOW HITPOINT WARNING * * *
The gnoll hits you with a +0 club.
* * * LOW HITPOINT WARNING * * *
You're too confused to move!
The gnoll barely misses you. The gnoll hits you with a +0 flail!
You die...

##.g.#.#
###.#.#
#..g..#
#...g.#
#..g.##
#..§§#
#§§gg#
#.§g§#
#§g@g#
#§§§§#
#§§§§#
######


You could see a gnoll shaman and 4 gnolls.

Vanquished Creatures
  A necrophage (D:4)
  A bullfrog (D:4)
  A centaur skeleton (D:2)
  A hound (D:4)
  A hound skeleton (D:4)
  A gnoll (D:1)
  An adder (D:4)
  2 adder skeletons (D:4)
  A worm (D:2)
  A dart slug (D:1)
  4 orcs
  8 endoplasms
  7 giant cockroaches
  12 goblins
  4 hobgoblins
  3 quokkas
  6 ball pythons
  5 bats
  3 frilled lizards
  4 kobolds
  6 rats
73 creatures vanquished.

Notes
Turn   | Place    | Note
-------+----------+-------------------------------------------
     0 | Abyss:1  | Gargoyl the Gnoll Abyssal Knight began the quest for the
                  | Orb.
     0 | Abyss:1  | Reached XP level 1. HP: 23/23 MP: 3/3
    51 | Abyss:2  | Noticed a small abomination
    55 | Abyss:2  | Noticed a neqoxec
    60 | D:1      | Escaped the Abyss
   343 | D:1      | Reached XP level 2. HP: 27/29 MP: 5/5
   376 | D:1      | Reached * piety under Lugonu
   617 | D:1      | Reached XP level 3. HP: 24/35 MP: 6/6
   723 | D:1      | Found a faded altar of an unknown god.
  1093 | D:2      | Reached skill level 1 in Short Blades
  1093 | D:2      | Reached skill level 1 in Long Blades
  1093 | D:2      | Reached skill level 1 in Maces & Flails
  1093 | D:2      | Reached skill level 1 in Polearms
  1093 | D:2      | Reached skill level 1 in Staves
  1093 | D:2      | Reached skill level 1 in Slings
  1093 | D:2      | Reached skill level 1 in Bows
  1093 | D:2      | Reached skill level 1 in Crossbows
  1093 | D:2      | Reached skill level 1 in Throwing
  1093 | D:2      | Reached skill level 1 in Stealth
  1093 | D:2      | Reached skill level 1 in Shields
  1093 | D:2      | Reached skill level 1 in Unarmed Combat
  1093 | D:2      | Reached skill level 1 in Spellcasting
  1093 | D:2      | Reached skill level 1 in Evocations
  1093 | D:2      | Reached XP level 4. HP: 40/41 MP: 7/7
  1870 | D:3      | Reached skill level 1 in Conjurations
  1870 | D:3      | Reached skill level 1 in Hexes
  1870 | D:3      | Reached skill level 1 in Summonings
  1870 | D:3      | Reached skill level 1 in Necromancy
  1870 | D:3      | Reached skill level 1 in Translocations
  1870 | D:3      | Reached skill level 1 in Transmutations
  1870 | D:3      | Reached skill level 1 in Fire Magic
  1870 | D:3      | Reached skill level 1 in Ice Magic
  1870 | D:3      | Reached skill level 1 in Air Magic
  1870 | D:3      | Reached skill level 1 in Earth Magic
  1870 | D:3      | Reached skill level 1 in Poison Magic
  2076 | D:3      | Reached ** piety under Lugonu
  2608 | D:4      | Reached XP level 5. HP: 47/47 MP: 8/8
  2877 | D:4      | Noticed a necrophage
  2890 | D:4      | Killed a necrophage
  2891 | D:4      | Reached skill level 5 in Invocations
  2891 | D:4      | Reached XP level 6. HP: 49/53 MP: 9/9
  3130 | D:4      | Reached skill level 5 in Axes
  3130 | D:4      | Reached skill level 5 in Armour
  3160 | D:4      | You fall into a shaft and drop 3 floors!
  3178 | D:7      | HP: 2/53 [gnoll (4)]
  3179 | D:7      | Slain by a gnoll

Illustrated notes

Levels and vault maps discovered:
D:1:      lightli_arrival_isolated_outpost, layout_basic,
          shapermc_ecumenical_altar_venn, st_stairs_6
D:2:      layout_loops_ring
D:3:      minmay_diamond_boxcup, layout_loops_ring
D:4:      layout_gridville
D:7:      layout_rooms, kennysheep_generic_room_8

Skill      XL: |  1  2  3  4  5  6 |
---------------+-------------------+-----
Short Blades   | 1 2 |  2.0
Long Blades    | 1 2 |  2.0
Maces & Flails | 1 2 |  2.0
Polearms       | 1 2 |  2.0
Staves         | 1 2 |  2.0
Slings         | 1 2 |  2.0
Bows           | 1 2 |  2.0
Crossbows      | 1 2 |  2.0
Throwing       | 1 2 |  2.0
Stealth        | 1 2 |  2.0
Shields        | 1 2 |  2.0
Unarmed Combat | 1 2 |  2.0
Spellcasting   | 1 2 |  2.0
Evocations     | 1 2 |  2.0
Conjurations   | 1 |  1.5
Hexes          | 1 |  1.5
Summonings     | 1 |  1.5
Necromancy     | 1 |  1.5
Translocations | 1 |  1.5
Transmutations | 1 |  1.5
Fire Magic     | 1 |  1.5
Ice Magic      | 1 |  1.5
Air Magic      | 1 |  1.5
Earth Magic    | 1 |  1.5
Poison Magic   | 1 |  1.5
Dodging        | 3 |  3.2
Invocations    | 5 |  5.1
Axes           | 5 |  5.0
Armour         | 5 |  5.0
Fighting       | |  6.8

Action                   |  1- 3 |  4- 6 || total
-------------------------+-------+-------++-------
Melee: Hand axe          |    61 |   138 ||   199
       Bite              |     5 |    13 ||    18
       Punch             |       |     1 ||     1
Invok: Depart the Abyss  |     1 |       ||     1
  Use: Scroll            |     2 |     7 ||     9
       Potion            |       |     1 ||     1
Armor: Leather armour    |     4 |       ||     4
       Plate armour      |    48 |   135 ||   183
Dodge: Dodged            |    13 |    40 ||    53

Table legend: (Time is in decaauts)
 A = Elapsed time spent in this place.
 B = Non-inter-level travel time spent in this place.
 C = Inter-level travel time spent in this place.
 D = Time resting spent in this place.
 E = Time spent auto-exploring this place.
 F = Levels seen in this place.
 G = Mean time per level.
                   A        B        C        D        E       F      G
               +--------+--------+--------+--------+--------+-----+--------+
         Total |   3195 |   3103 |     92 |     97 |   2350 |   7 |  456.4 |
       Dungeon |   3135 |   3043 |     92 |     97 |   2306 |   5 |  627.0 |
         Abyss |     59 |     59 |      0 |      0 |     44 |   2 |   29.5 |
               +--------+--------+--------+--------+--------+-----+--------+

Top non-repeatable levels by time:
     D:2: 929 daAuts
     D:1: 823 daAuts
     D:3: 803 daAuts
     D:4: 559 daAuts
 Abyss:2: 53 daAuts
     D:7: 18 daAuts
 Abyss:1: 6 daAuts
